 Dungeon Crawl Stone Soup version 0.22-a0-433-gd2a9cce0b5 (webtiles) character file.

76 Ordine the Slasher (level 4, 0/33 HPs)
             Began as an Octopode Fighter on May 27, 2018.
             Slain by a hobgoblin (6 damage)
             ... on level 2 of the Dungeon.
             The game lasted 00:03:34 (1625 turns).

Ordine the Slasher (Octopode Fighter)               Turns: 1625, Time: 00:03:34

Health: 0/33       AC:  1    Str: 15    XL:     4   Next: 32%
Magic:  13/13      EV: 11    Int: 11    God:
Gold:   73         SH:  8    Dex: 11    Spells: 3/3 levels left

rFire    . . .     SeeInvis .   a - +0 long sword
rCold    . . .     Gourm    .   b - +0 shield
rNeg     . . .     Faith    .   (helmet restricted)
rPois    .         Spirit   .   (no amulet)
rElec    .         Reflect  .   e - ring of magical power
rCorr    .         Harm     .   (no ring)
MR       .....                  (no ring)
Stlth    ++........             (no ring)
HPRegen  0.11/turn              (no ring)
MPRegen  0.13/turn              (no ring)
                                (no ring)
                                (no ring)

@: no status effects
A: almost no armour, stealthy swim, amphibious, 8 rings, constrict 8, camouflage
1, gelatinous body 1
a: no special abilities


You were on level 2 of the Dungeon.
You were not hungry.

You visited 1 branch of the dungeon, and saw 2 of its levels.

You collected 73 gold pieces.

Inventory:

Hand Weapons
 a - a +0 long sword (weapon)
 k - a +2 dagger of speed
Missiles
 c - 11 poisoned needles
Armour
 b - a +0 shield (worn)
Jewellery
 e - a ring of magical power (left tentacle)
 f - an uncursed ring of ice
 i - an uncursed ring of fire
Scrolls
 g - a scroll of magic mapping {unknown}
 h - a scroll of identify
Comestibles
 d - 3 rations
 j - a chunk of flesh


   Skills:
 + Level 3.7 Fighting
 * Level 3.8 Long Blades
 - Level 3.0 Dodging
 - Level 3.0 Shields


You had 3 spell levels left.
You didn't know any spells.
Your spell library was empty.

Dungeon Overview and Level Annotations

Branches:
Dungeon (2/15)

Altars:

Annotations:
D:2 Robin


Innate Abilities, Weirdness & Mutations

You cannot wear most types of armour.
You are very stealthy in the water. (Stealth+)
You are amphibious.
You can wear up to eight rings at the same time.
You can use your tentacles to constrict eight enemies at once.
Your skin changes colour to match your surroundings (Stealth+).
Your rubbery body absorbs attacks. (AC +1, EV +1)


Message History

You block the hobgoblin's attack.
You hit the hobgoblin.
You kill the hobgoblin!
You barely miss the hobgoblin. Your grab misses the hobgoblin.
You squeeze the hobgoblin.
The hobgoblin is heavily wounded.
The hobgoblin no longer looks unusually strong.
Robin roars a battlecry!
The hobgoblins go into a battle-frenzy!
You block the hobgoblin's attack.
You barely miss the hobgoblin. Your grab misses the hobgoblin.
The hobgoblin is heavily wounded.
The hobgoblin hits you.
* * * LOW HITPOINT WARNING * * *
The hobgoblin barely misses you.
Unknown command.
You closely miss the hobgoblin. Your grab misses the hobgoblin.
The hobgoblin is heavily wounded.
The hobgoblin hits you.
You die... ......# ..... ..... ... ggg

#r#
#g################
#@##..............
#(##########.##...
#(# #.##.## #.#
#.##.## #.#
#...... #.######
####.## #......#
#.# ######.# #.#
#.########.#


You could see Robin, a quokka and 3 hobgoblins.

Vanquished Creatures
  2 adders (D:2)
  An ooze (D:2)
  2 worms (D:2)
  2 dart slugs (D:1)
  A giant cockroach (D:1)
  6 goblins
  8 hobgoblins
  4 jackals
  5 kobolds
  4 bats
  3 frilled lizards
  5 rats (D:1)
43 creatures vanquished.

Notes
Turn   | Place    | Note
-------+----------+-------------------------------------------
     0 | D:1      | Ordine the Octopode Fighter began the quest for the Orb.
     0 | D:1      | Reached XP level 1. HP: 16/16 MP: 1/1
    61 | D:1      | Reached XP level 2. HP: 5/21 MP: 2/2
   541 | D:1      | Reached XP level 3. HP: 24/26 MP: 3/3
  1417 | D:2      | Reached XP level 4. HP: 23/32 MP: 4/4
  1600 | D:2      | Noticed Robin
  1625 | D:2      | Slain by a hobgoblin

Vault maps used:
D:1:      eino_arrival_druids_welcome
D:2:      minmay_misc_feat_roman, tgw_trog, uniq_robin

Skill      XL: |  1  2 |
---------------+-------+-----
Long Blades    | 3 |  3.8
Fighting       | |  3.7
Dodging        | |  3.0
Shields        | |  3.0

Action                   |  1- 3 |  4- 6 || total
-------------------------+-------+-------++-------
Melee: Long sword        |    57 |    22 ||    79
       Constrict         |    17 |     4 ||    21
       Tentacles         |    10 |     5 ||    15
  Use: Scroll            |     5 |       ||     5
       Potion            |     1 |       ||     1
 Stab: Sleeping          |     4 |     3 ||     7
  Eat: Chunk             |     2 |       ||     2
Armor: Skin              |    10 |     2 ||    12
Dodge: Dodged            |    42 |     4 ||    46
Block: Shield            |    29 |     9 ||    38
       Rpst.: Long sword |    14 |     1 ||    15

Table legend:
 A = Spawn XP
 B = Non-spawn XP
 C = Spawn XP percentage of total XP
 D = Spawn monster count
 E = Non-spawn monster count
 F = Spawn count percentage of total count
 G = Total turns spent on level
                    A         B        C        D         E        F      G
               +---------+---------+-------+---------+---------+-------+---------
         Total |       0 |     109 |   0.0 |       0 |      43 |   0.0 |  1625
               +---------+---------+-------+---------+---------+-------+---------
           D:1 |       0 |      41 |   0.0 |       0 |      23 |   0.0 |  1301
           D:2 |       0 |      68 |   0.0 |       0 |      20 |   0.0 |   324
               +---------+---------+-------+---------+---------+-------+---------
